Map: [ESL] Oceanborn

Players

ForJumy

  • Race: Protoss Protoss
  • Spawn Location: 5:00

Wayne - Winner!

  • Race: Zerg Zerg
  • Spawn Location: 11:00

Event: ESL SC2 Masters 2024 Spring (Regional)

VOD

Have the link to the VOD?

Description

Time

  • Played on: April 13, 2024, 1:35 p.m.
  • Length: 15:10

All games in this series

Show
View Real Time Build Order
Export as new Build Order

ForJumy Protoss 

Build Orders: 1 Gate Expand, Oracle Opening, Archon Immortal, Carriers 

Get SALT Encoding   

  12  0:00  Probe  
  13  0:12  Probe  
  14  0:18  Pylon  
  14  0:24  Probe  
  15  0:36  Probe (Chrono Boost)  
  15  0:39  Gateway  
  16  0:46  Probe (Chrono Boost)  
  17  0:51  Assimilator  
  17  0:53  Probe  
  18  1:05  Probe  
  19  1:18  Probe  
  20  1:27  Nexus  
  20  1:41  Cybernetics Core  
  20  1:43  Probe  
  21  1:49  Assimilator  
  21  1:56  Probe  
  22  2:01  Pylon  
  22  2:08  Probe  
  23  2:17  Adept (Chrono Boost)  
  23  2:21  Stargate  
  25  2:24  Probe  
  26  2:31  Warp Gate  
  26  2:37  Adept (Chrono Boost)  
  26  2:41  Probe (Chrono Boost)  
  26  2:42  Probe (Chrono Boost)  
  30  2:51  Probe (Chrono Boost)  
  31  2:52  Probe (Chrono Boost)  
  32  2:59  Probe  
  32  3:00  Adept  
  32  3:02  Probe  
  36  3:09  Oracle  
  36  3:12  Probe (Chrono Boost)  
  40  3:19  Probe (Chrono Boost)  
  41  3:20  Gateway  
  41  3:23  Probe (Chrono Boost)  
  43  3:27  Probe x2 (Chrono Boost)  
  44  3:36  Pylon  
  44  3:38  Probe x2  
  46  3:50  Nexus  
  46  3:51  Oracle (Chrono Boost)  
  49  3:56  Probe  
  49  3:58  Probe  
  51  4:02  Shield Battery  
  51  4:08  Probe  
  51  4:09  Pylon  
  52  4:12  Probe  
  53  4:18  Assimilator  
  53  4:19  Assimilator  
  53  4:20  Probe  
  53  4:22  Pylon  
  54  4:27  Adept x2  
  54  4:28  Probe  
  59  4:34  Twilight Council  
  59  4:37  Forge  
  60  4:38  Probe  
  60  4:43  Probe  
  60  4:45  Pylon  
  61  4:50  Probe (Chrono Boost)  
  62  4:55  Oracle, Probe (Chrono Boost)  
  63  5:00  Robotics Facility  
  63  5:02  Probe (Chrono Boost)  
  66  5:07  Probe (Chrono Boost)  
  66  5:08  Probe (Chrono Boost)  
  66  5:12  Pylon, Probe (Chrono Boost)  
  67  5:17  Blink, Protoss Ground Weapons Level 1 (Chrono Boost)  
  67  5:19  Probe x3  
  70  5:33  Templar Archives  
  72  5:35  Probe (Chrono Boost), Gateway  
  72  5:37  Gateway  
  72  5:39  Probe x2 (Chrono Boost)  
  73  5:46  Probe (Chrono Boost), Gateway  
  73  5:49  Probe (Chrono Boost)  
  76  5:50  Probe (Chrono Boost), Gateway  
  76  5:52  Gateway  
  76  5:54  Probe, Gateway  
  77  5:59  Assimilator, Probe  
  77  6:00  Assimilator  
  78  6:05  Immortal (Chrono Boost)  
  82  6:11  Probe  
  82  6:14  Psionic Storm  
  82  6:16  Probe x2  
  85  6:21  Photon Cannon  
  85  6:22  High Templar  
  85  6:23  High Templar, Probe  
  90  6:28  Pylon  
  90  6:31  Gateway  
  90  6:32  Probe  
  91  6:33  Pylon  
  91  6:37  Immortal  
  95  6:48  Probe  
  95  6:51  Zealot  
  95  6:52  Zealot  
  100  6:55  High Templar x2  
  100  7:00  Archon  
  104  7:07  Pylon, Nexus  
  104  7:08  Probe  
  105  7:12  Pylon  
  105  7:17  Fleet Beacon, Protoss Air Weapons Level 1 (Chrono Boost)  
  105  7:18  Pylon, Warp Prism  
  105  7:20  Probe  
  105  7:21  Probe  
  105  7:22  Protoss Ground Weapons Level 2 (Chrono Boost)  
  109  7:23  Shield Battery  
  109  7:25  Pylon  
  109  7:26  High Templar x2  
  109  7:29  Probe  
  114  7:32  Pylon  
  114  7:33  Shield Battery  
  114  7:34  Probe  
  115  7:37  Probe  
  115  7:43  Probe  
  117  7:46  Photon Cannon  
  117  7:49  Gateway  
  117  7:50  Photon Cannon, Gateway  
  117  7:51  High Templar  
  119  7:56  Stargate  
  119  7:57  Immortal (Chrono Boost)  
  119  8:02  Probe (Chrono Boost)  
  126  8:07  Probe x2 (Chrono Boost)  
  126  8:08  Assimilator x2  
  126  8:15  Stargate  
  126  8:16  Probe (Chrono Boost)  
  127  8:20  Probe  
  127  8:24  Carrier (Chrono Boost)  
  127  8:25  Pylon  
  134  8:34  Immortal (Chrono Boost)  
  134  8:38  Zealot  
  134  8:39  Zealot x5  
  134  8:40  Zealot x2  
  154  8:46  Zealot x2  
  158  8:54  Charge (Chrono Boost)  
  158  8:56  Shield Battery  
  158  8:58  Photon Cannon  
  158  9:02  Observer (Chrono Boost)  
  158  9:03  Carrier  
  158  9:09  High Templar x2  
  167  9:14  Shield Battery  
  167  9:16  Archon  
  159  9:19  Warp Prism (Chrono Boost)  
  159  9:21  Carrier  
  161  9:27  Pylon x2  
  159  9:39  Shield Battery  
  159  9:41  Stalker x4  
  159  9:42  Photon Cannon  
  167  9:47  Carrier  
  171  10:06  Stalker x3  
  167  10:16  Zealot x5  
  151  10:23  Immortal (Chrono Boost)  
  151  10:26  Carrier  
  159  10:29  Carrier  
  159  10:34  Shield Battery  
  159  10:35  Shield Battery  
  159  10:36  High Templar x2  
  159  10:40  Archon, Protoss Shields Level 1 (Chrono Boost)  
  163  10:46  Zealot x6  
  175  10:50  Gateway  
  179  11:05  Mothership (Chrono Boost)  
  179  11:06  Zealot x2  
  183  11:14  Immortal (Chrono Boost)  
  178  11:19  Zealot x4  
  179  11:26  Cybernetics Core, Carrier  
  179  11:32  High Templar x2  
  187  11:35  Pylon  
  187  11:36  Pylon, Archon  
  185  11:45  Gateway  
  173  11:49  Warp Prism (Chrono Boost)  
  173  11:50  Carrier  
  181  11:57  Pylon  
  181  11:59  High Templar x4  
  188  12:03  Archon  
  188  12:05  Zealot  
  190  12:11  Protoss Air Weapons Level 2 (Chrono Boost)  
  187  12:28  Zealot x3  
  187  12:29  Zealot x2  
  197  12:32  Protoss Shields Level 2 (Chrono Boost)  
  197  12:35  Observer, High Templar x2  
  199  12:40  Archon  
  197  12:51  Observer (Chrono Boost)  
  187  12:54  Pylon  
  187  12:55  Nexus  
  182  13:00  Zealot x8  
  198  13:06  Observer (Chrono Boost)  
  199  13:12  Assimilator  
  199  13:15  Assimilator  
  191  13:36  Zealot x5  
  183  13:45  Zealot x5  
  161  13:56  High Templar x2  
  161  13:57  High Templar x3  
  161  13:58  Probe  
  170  14:03  Archon x3  
  170  14:04  Zealot x2  
  170  14:05  Zealot x3  
  170  14:09  Observer  
  192  14:12  Void Ray x3  
  154  14:19  Zealot x3  
  138  14:28  High Templar x4  
  138  14:31  Immortal (Chrono Boost)  
  106  14:32  High Templar x3, Archon  
  106  14:33  Archon  
  106  14:38  Archon  
  116  14:40  Zealot x3  
  108  15:01  Zealot  
  108  15:02  Zealot x6  
  108  15:06  Zealot x2  
Show
View Real Time Build Order
Export as new Build Order

Wayne Zerg - Winner!

Build Orders: Hatch First, Lurkers 

Get SALT Encoding   

  12  0:00  Drone  
  13  0:12  Overlord  
  13  0:17  Drone  
  14  0:31  Drone x2  
  16  0:43  Drone  
  16  0:45  Drone  
  18  1:02  Hatchery  
  17  1:12  Drone  
  17  1:14  Extractor  
  17  1:15  Spawning Pool  
  17  1:18  Drone  
  17  1:20  Drone  
  18  1:28  Drone  
  19  1:38  Drone  
  19  1:49  Drone  
  20  2:00  Overlord  
  20  2:03  Queen  
  22  2:14  Queen  
  22  2:15  Zergling x4  
  26  2:16  Metabolic Boost  
  26  2:21  Drone  
  27  2:25  Drone  
  28  2:32  Drone  
  28  2:36  Drone  
  30  2:41  Queen  
  32  2:47  Hatchery  
  31  2:51  Overlord  
  31  2:55  Drone  
  31  2:57  Drone  
  33  2:59  Drone  
  33  3:05  Zergling x2  
  35  3:08  Zergling x2  
  36  3:14  Drone x3  
  36  3:19  Queen  
  41  3:21  Overlord  
  41  3:22  Drone  
  42  3:28  Drone  
  42  3:32  Drone  
  44  3:36  Overlord  
  44  3:42  Queen  
  44  3:46  Drone x4  
  50  3:52  Overlord  
  50  3:53  Drone x2  
  52  3:57  Drone  
  52  4:00  Queen  
  55  4:05  Drone x2  
  55  4:09  Drone  
  57  4:10  Roach Warren  
  57  4:15  Drone  
  57  4:21  Drone  
  58  4:24  Zergling x2  
  58  4:25  Zergling x6  
  58  4:28  Overlord  
  58  4:29  Zergling x4  
  58  4:30  Spore Crawler  
  63  4:32  Zergling x6  
  66  4:41  Extractor  
  66  4:43  Overlord  
  65  4:47  Spore Crawler  
  65  4:49  Drone x2  
  65  4:50  Drone x3  
  67  4:53  Drone  
  67  4:54  Drone x3  
  67  4:58  Overlord, Drone x2  
  67  4:59  Drone  
  74  5:00  Drone  
  74  5:04  Drone  
  76  5:09  Lair  
  76  5:16  Extractor, Drone x3  
  76  5:17  Evolution Chamber  
  77  5:27  Drone x3  
  80  5:32  Hatchery  
  78  5:36  Roach x5  
  78  5:41  Overlord  
  87  5:45  Zerg Missile Weapons Level 1  
  87  5:47  Drone x5  
  87  5:49  Extractor  
  91  5:51  Drone x3  
  94  5:59  Spore Crawler  
  94  6:00  Overlord  
  94  6:01  Drone x2, Extractor  
  94  6:08  Overseer  
  94  6:09  Drone x2  
  96  6:12  Glial Reconstitution, Drone x3, Extractor  
  96  6:13  Infestation Pit  
  96  6:14  Drone  
  98  6:20  Drone  
  98  6:23  Roach x5  
  109  6:32  Drone  
  110  6:41  Overlord  
  110  6:42  Drone  
  110  6:43  Drone x3  
  110  6:45  Hydralisk Den  
  113  6:49  Drone x7  
  113  6:50  Hive  
  120  6:58  Overlord, Extractor x2  
  117  7:03  Overlord  
  116  7:08  Roach  
  116  7:09  Roach x4  
  116  7:13  Drone  
  116  7:15  Spore Crawler  
  126  7:18  Overlord x2, Lurker Den  
  126  7:20  Overlord  
  126  7:22  Roach x4  
  139  7:23  Roach x3  
  139  7:26  Overlord  
  139  7:34  Drone  
  139  7:36  Overlord  
  140  7:41  Zerg Missile Weapons Level 2  
  140  7:43  Hydralisk x3  
  146  7:45  Hydralisk  
  146  7:49  Hydralisk x2  
  152  7:53  Hydralisk x2, Hatchery  
  155  8:00  Hydralisk x3  
  155  8:04  Drone x2  
  163  8:08  Spine Crawler  
  163  8:09  Spine Crawler  
  161  8:14  Grooved Spines  
  161  8:17  Lurker x6  
  167  8:20  Overlord  
  167  8:22  Drone  
  167  8:23  Spine Crawler  
  167  8:25  Overlord  
  167  8:32  Lurker x3  
  170  8:35  Drone x6  
  170  8:36  Drone  
  170  8:38  Overlord x2  
  170  8:40  Seismic Spines  
  177  8:46  Lurker  
  178  8:54  Extractor x2  
  176  8:55  Lurker  
  176  9:01  Hydralisk x5  
  186  9:14  Spine Crawler  
  186  9:16  Hydralisk x6  
  197  9:25  Hydralisk x4  
  197  9:26  Drone  
  197  9:28  Evolution Chamber, Hydralisk  
  199  9:37  Adaptive Talons  
  197  9:39  Hydralisk  
  197  9:40  Hydralisk  
  196  9:47  Lurker x2  
  196  9:48  Lurker x2  
  196  9:50  Hydralisk x2  
  197  9:57  Hydralisk x6  
  197  9:58  Hydralisk x2  
  181  10:10  Hydralisk x10  
  181  10:12  Zergling x6  
  177  10:15  Zergling x6  
  149  10:26  Hydralisk x3  
  149  10:28  Viper  
  153  10:33  Zerg Ground Armor Level 1  
  156  10:36  Drone x2  
  156  10:37  Drone x2  
  156  10:40  Hydralisk x2  
  164  10:45  Lurker  
  164  10:46  Lurker  
  164  10:47  Hydralisk  
  168  10:51  Hydralisk  
  168  10:52  Hydralisk  
  168  10:53  Overseer  
  168  10:57  Muscular Augments  
  172  10:58  Lurker  
  172  11:00  Zergling x10  
  172  11:03  Lurker  
  177  11:14  Overlord  
  177  11:15  Hydralisk x5  
  184  11:21  Hydralisk x3  
  182  11:36  Drone  
  182  11:37  Drone x8  
  189  11:41  Zerg Missile Weapons Level 3  
  189  11:44  Drone x3  
  189  11:45  Drone  
  189  11:46  Hydralisk x3  
  191  11:55  Lurker  
  191  11:56  Lurker, Pneumatized Carapace  
  191  11:57  Overseer  
  191  12:00  Drone x6  
  191  12:01  Drone  
  200  12:13  Drone, Spire  
  200  12:21  Drone  
  195  12:34  Zerg Ground Armor Level 2  
  195  12:36  Drone x3  
  195  12:37  Drone  
  198  12:41  Drone x4  
  191  12:44  Drone x2  
  191  12:45  Spore Crawler x2  
  191  12:47  Spore Crawler x2  
  191  12:48  Spore Crawler  
  191  12:51  Spore Crawler  
  185  12:53  Viper  
  185  12:54  Viper  
  185  12:55  Hydralisk x5, Spore Crawler  
  185  12:56  Spore Crawler  
  197  13:12  Lurker x2  
  198  13:14  Spore Crawler x2  
  198  13:16  Hydralisk  
  198  13:19  Spore Crawler x2  
  197  13:22  Spore Crawler  
  192  13:28  Overseer  
  192  13:29  Overseer  
  168  13:37  Drone x3  
  168  13:39  Hydralisk x9  
  179  13:43  Hydralisk x10  
  193  13:49  Hydralisk  
  193  13:50  Hydralisk x2  
  190  13:59  Drone x2  
  190  14:00  Drone  
  190  14:02  Hydralisk x3  
  199  14:16  Hydralisk x6  
  181  14:28  Hydralisk x4  
  181  14:29  Hydralisk x3  
  189  14:33  Spire  
  188  14:48  Drone x3  
  188  14:51  Overseer  
  191  14:57  Hatchery  
Tags
 
Add a new tag
Caveats
  • Supply blocks, unpowered buildings, or Contaminate may cause inaccurate times.
  • Supply counts are checked every 10 seconds.